 Dungeon Crawl Stone Soup version 0.31-a0-1-g4198be8af4 (webtiles) character file.

Game seed: 13895972653482392411

112 Turgor the Conjurer (level 4, -7/35 HPs)
             Began as a Draconian Conjurer on May 1, 2023.
             Killed from afar by an orc wizard (9 damage)
             ... with a puff of flame
             ... on level 2 of the Dungeon.
             The game lasted 00:08:37 (1694 turns).

Turgor the Conjurer (Draconian Conjurer)            Turns: 1694, Time: 00:08:37

Health: -7/35      AC:  5    Str: 11    XL:     4   Next: 63%
Magic:  3/8        EV: 12    Int: 18    God:
Gold:   71         SH:  0    Dex: 10    Spells: 6/9 levels left

rFire   . . .        g - +0 dagger
rCold   . . .        (no shield)
rNeg    . . .        (body armour unavailable)
rPois   .            (helmet restricted)
rElec   .            (no cloak)
rCorr   .            (no gloves)
SInv    .            (no boots)
Will    .....        (no amulet)
Stlth   +            (no ring)
HPRegen 0.25/turn    (no ring)
MPRegen 0.11/turn

%: no passive effects
@: confused
A: AC +5, unfitting armour, cold-blooded
a: no special abilities


You were on level 2 of the Dungeon.
You visited 1 branch of the dungeon, and saw 2 of its levels.

You collected 71 gold pieces.

Inventory:

Hand Weapons
 b - a +0 sling
 d - a +0 hand axe
 g - a +0 dagger (weapon)
Jewellery
 l - a ring of fire
Wands
 m - a wand of digging (4)
Scrolls
 f - a scroll of enchant weapon {unknown}
 h - a scroll of identify
 i - 2 scrolls of immolation
 j - a scroll of fear {unknown}
 k - a scroll of teleportation {unknown}
Potions
 a - a potion of magic
 c - a potion of haste


   Skills:
 + Level 1.1 Fighting
 - Level 2.0 Dodging
 - Level 2.0 Stealth
 + Level 3.2 Spellcasting
 + Level 4.9 Conjurations


You had 6 spell levels left.
You knew the following spells:

 Your Spells              Type           Power      Damage    Failure   Level
a - Magic Dart            Conj           80%        1d7       1%          1
b - Searing Ray           Conj           40%        2d5       3%          2

Your spell library contained the following spells:

 Spells                   Type           Power      Damage    Failure   Level
 Dazzling Flash           Conj/Hex       22%        N/A       17%         3
 Fulminant Prism          Conj/Hex       5%         3d7       50%         4
 Iskenderun's Mystic Bla  Conj/Tloc      11%        2d4       50%         4


Dungeon Overview and Level Annotations

Branches:
Dungeon (2/15)

Altars:


Innate Abilities, Weirdness & Mutations

Your plain brown scales are hard. (AC +5)
You cannot fit into any form of body armour.
You are cold-blooded and may be slowed by cold attacks.


Message History

The orc wizard flickers and vanishes!
Deactivating autopickup; reactivate with Ctrl-A.
You closely miss something. Your punch misses something. Something hits you.
You bump into the rock wall.
You hear some strange, mumbled words.
A magic dart appears from out of thin air!
The magic dart hits you but does no damage.
You completely miss something. Something hits you.
You bump into the rock wall.
Something hits you but does no damage.
You barely miss something.
You hear some strange, mumbled words.
You are more confused.
You bump into the rock wall.
You hear some strange, mumbled words.
A puff of flame appears from out of thin air!
The puff of flame hits you!
* * * LOW HITPOINT WARNING * * *
You're too confused to move!
Something hits you but does no damage.
You bump into the rock wall.
Something hits you but does no damage.
You bump into the rock wall.
Something hits you.
* * * LOW HITPOINT WARNING * * *
You hit something. Something hits you.
* * * LOW HITPOINT WARNING * * *
You're too confused to move!
You hear some strange, mumbled words.
A puff of flame appears from out of thin air!
The puff of flame misses you.
You completely miss something. Something hits you.
* * * LOW HITPOINT WARNING * * *
You completely miss something.
You feel less confused.
You hear some strange, mumbled words.
You are confused.
You hit something but do no damage. Something hits you.
* * * LOW HITPOINT WARNING * * *
You're too confused to move!
You hear some strange, mumbled words.
A puff of flame appears from out of thin air!
The puff of flame hits you!
You die...

###.###.##..# #.#.#
..o..>........#.#.#
##..........#.#.#.##.##.
........##...........)..
##..####..J...)(.######.
#..# .####.##o# #..# #
#J# #.# #... #{# #.#
#..# #@# #.# #... #.#
#># #.# #.# #.# #.# #.#
#.# #.# ####.########
#.# #...........# #.#
#.######.##.# #####.#
#.# #.##.#


You could see an orc and an endoplasm.

Vanquished Creatures
  An orc priest (D:2)
  4 adders (D:2)
  A dart slug (D:1)
  An orc (D:2)
  An endoplasm (D:1)
  A giant cockroach (D:1)
  3 goblins
  3 hobgoblins (D:1)
  4 jackals (D:1)
  3 kobolds (D:1)
  A quokka (D:1)
  2 ball pythons
  A bat (D:1)
  3 frilled lizards
  A rat (D:1)
30 creatures vanquished.

Vanquished Creatures (others)
  An orc wizard (D:2)
1 creature vanquished.

Grand Total: 31 creatures vanquished

Notes
Turn   | Place    | Note
-------+----------+-------------------------------------------
     0 | D:1      | Turgor the Draconian Conjurer began the quest for the Orb.
     0 | D:1      | Reached XP level 1. HP: 14/14 MP: 3/3
   315 | D:1      | Reached XP level 2. HP: 20/20 MP: 1/5
   364 | D:1      | Learned a level 2 spell: Searing Ray
  1120 | D:2      | Reached XP level 3. HP: 8/26 MP: 2/7
  1125 | D:2      | HP: 1/26 [orc wizard/magic dart (8)]
  1652 | D:2      | Reached XP level 4. HP: 31/34 MP: 0/8
  1666 | D:2      | Reached skill level 1 in Fighting
  1694 | D:2      | Killed from afar by an orc wizard

Illustrated notes

Levels and vault maps discovered:
D:1:      psy_arrival_spokes, layout_basic, chequers_arboretum,
          minmay_misc_feat_iff, minivault_11, minmay_misc_feat_rugged,
          minmay_close_crescents
D:2:      layout_loops_ring, basic_altar

Skill      XL: |  1  2  3  4 |
---------------+-------------+-----
Stealth        | 2 |  2.0
Dodging        | 2 |  2.0
Spellcasting   | 3 |  3.2
Fighting       | 1 |  1.1
Conjurations   | |  4.9

Action                     |  1- 3 |  4- 6 || total
---------------------------+-------+-------++-------
  Melee: Dagger            |     7 |    23 ||    30
  Throw: Dart              |       |     4 ||     4
   Cast: Magic Dart        |    46 |     2 ||    48
         Searing Ray       |     5 |       ||     5
    Use: Scroll            |     2 |       ||     2
 Armour: Skin              |     6 |     7 ||    13
  Dodge: Dodged            |    12 |     7 ||    19

Table legend: (Time is in decaauts)
 A = Elapsed time spent in this place.
 B = Non-inter-level travel time spent in this place.
 C = Inter-level travel time spent in this place.
 D = Time resting spent in this place.
 E = Time spent auto-exploring this place.
 F = Levels seen in this place.
 G = Mean time per level.
                   A        B        C        D        E       F      G
               +--------+--------+--------+--------+--------+-----+--------+
         Total |   1693 |   1630 |     63 |    148 |   1079 |   2 |  846.5 |
       Dungeon |   1693 |   1630 |     63 |    148 |   1079 |   2 |  846.5 |
               +--------+--------+--------+--------+--------+-----+--------+

Top non-repeatable levels by time:
     D:1: 1200 daAuts
     D:2: 492 daAuts
